 Dungeon Crawl Stone Soup version 0.22-a0-305-gd21a89c (webtiles) character file.

229 grindst0ne the Skirmisher (level 5, -2/43 HPs)
             Began as a Mummy Fighter on Mar 28, 2018.
             Slain by a worker ant (5 damage)
             ... on level 4 of the Dungeon.
             The game lasted 00:03:37 (2403 turns).

grindst0ne the Skirmisher (Mummy Fighter)           Turns: 2403, Time: 00:03:37

Health: -2/43      AC: 14    Str: 21    XL:     5   Next: 71%
Magic:  5/5        EV:  5    Int:  7    God:
Gold:   43         SH:  9    Dex: 11    Spells: 4/4 levels left

rFire    x . .     SeeInvis .   a - +0 flail
rCold    + . .     Gourm    .   c - +0 shield
rNeg     + + +     Faith    .   j - +2 chain mail {rPois}
rPois    ∞         Spirit   .   (no helmet)
rElec    .         Reflect  .   n - +0 cloak {MR+}
rCorr    .         Harm     .   g - +0 pair of gloves
MR       +....                  e - +0 pair of boots
Stlth    ..........             (no amulet)
HPRegen  0.14/turn              (no ring)
MPRegen  0.09/turn              (no ring)

@: no status effects
A: no food or potions, fire vulnerability, cold resistance 1, negative energy
resistance 3, torment resistance, unbreathing
a: no special abilities


You were on level 4 of the Dungeon.
You were not hungry.

You visited 1 branch of the dungeon, and saw 4 of its levels.

You collected 192 gold pieces.
You spent 149 gold pieces at shops.

Inventory:

Hand Weapons
 a - a +0 flail (weapon)
Armour
 b - a +0 scale mail
 c - a +0 shield (worn)
 e - a +0 pair of boots (worn)
 g - a +0 pair of gloves (worn)
 j - a +2 chain mail of poison resistance (worn)
 n - a +0 cloak of magic resistance (worn)
Wands
 k - a wand of clouds (1)
Scrolls
 d - 7 scrolls of identify
 f - 2 scrolls of enchant weapon
 h - a scroll of teleportation {unknown}
 i - a scroll of magic mapping {unknown}
 l - a scroll of remove curse {unknown}
 m - a scroll of random uselessness {unknown}


   Skills:
 + Level 4.4 Fighting
 + Level 3.1 Maces & Flails
 - Level 2.4 Armour
 + Level 3.6 Shields


You had 4 spell levels left.
You didn't know any spells.

Dungeon Overview and Level Annotations

Branches:
Dungeon (4/15)
 Temple: D:4-7

Altars:
Hepliaklqana

Shops:
D:4 [


Innate Abilities, Weirdness & Mutations

You do not eat or drink.
Your flesh is vulnerable to fire.
You are immune to poison.
Your flesh is cold resistant. (rC+)
You are immune to negative energy. (rN+++)
You are immune to unholy pain and torment.
You can survive without breathing.


Message History

As you read the scroll labeled FOSYVIDIASO, it crumbles to dust.
It is a scroll of identify.
f - 2 scrolls of enchant weapon The worker ant bites you but does no damage.
The worker ant bites you.
* * * LOW HITPOINT WARNING * * *
You block the worker ant's attack.
The worker ant bites you but does no damage.
Okay, then.
You hit the worker ant.
The worker ant is severely wounded.
You block the worker ant's attack. The worker ant bites you.
* * * LOW HITPOINT WARNING * * *
You sock the worker ant!
You kill the worker ant!
The worker ant bites you but does no damage.
The worker ant barely misses you.
Your chain mail prevents you from hitting the worker ant.
The worker ant bites you.
You die...

...........##?........
#.......#..........
######.†..............
###.....)...............
#.......................
##.......................
#........................
#..............a..........
#.............)@..........
#.........................
#.......#.................
##........................#
#).....#.∩.#.............##
#.......................##
#........#.............##
##....................##
#................


You could see a worker ant.

Vanquished Creatures
  A centaur skeleton (D:4)
  Ijyb (D:3)
  Terence (D:2)
  2 worker ants (D:4)
  4 adders
  An ooze (D:2)
  A worm (D:4)
  4 dart slugs
  3 leopard geckos
  An orc (D:4)
  7 bats
  4 giant cockroaches
  7 goblins
  6 hobgoblins
  3 kobolds
  A quokka (D:3)
  4 frilled lizards
  7 rats
58 creatures vanquished.

Notes
Turn   | Place    | Note
-------+----------+-------------------------------------------
     0 | D:1      | grindst0ne the Mummy Fighter began the quest for the Orb.
     0 | D:1      | Reached XP level 1. HP: 18/18 MP: 1/1
   212 | D:1      | Reached XP level 2. HP: 17/24 MP: 2/2
   961 | D:2      | Reached XP level 3. HP: 29/29 MP: 3/3
  1030 | D:2      | Noticed Terence
  1050 | D:2      | Killed Terence
  1442 | D:2      | Reached XP level 4. HP: 24/37 MP: 4/4
  1657 | D:3      | Noticed Ijyb
  1702 | D:3      | Killed Ijyb
  1702 | D:3      | Reached skill level 4 in Fighting
  2101 | D:3      | Found a hazy altar of Hepliaklqana.
  2303 | D:4      | Reached XP level 5. HP: 40/42 MP: 5/5
  2326 | D:4      | Found Vufiom's Armour Shop.
  2348 | D:4      | Bought a +0 cloak of magic resistance for 149 gold pieces
  2403 | D:4      | Slain by a worker ant

Vault maps used:
D:1:      dpeg_arrival_court
D:2:      first_ration, uniq_terence
D:3:      old_standard_altar, wad_floor_pattern_2, grunt_ministairs_14,
          uniq_ijyb
D:4:      serial_shops, nicolae_shop_stone

Skill      XL: |  1  2  3  4  5 |
---------------+----------------+-----
Maces & Flails | 2 3 |  3.1
Shields        | 3 |  3.6
Fighting       | 4 |  4.4
Armour         | |  2.4

Action                   |  1- 3 |  4- 6 || total
-------------------------+-------+-------++-------
Melee: Flail             |   132 |   172 ||   304
  Use: Scroll            |       |     1 ||     1
Armor: Scale mail        |    80 |    25 ||   105
       Chain mail        |       |   118 ||   118
Dodge: Dodged            |    44 |    53 ||    97
Block: Shield            |    64 |   127 ||   191

Table legend:
 A = Spawn XP
 B = Non-spawn XP
 C = Spawn XP percentage of total XP
 D = Spawn monster count
 E = Non-spawn monster count
 F = Spawn count percentage of total count
 G = Total turns spent on level
                    A         B        C        D         E        F      G
               +---------+---------+-------+---------+---------+-------+---------
         Total |       0 |     328 |   0.0 |       0 |      58 |   0.0 |  2403
               +---------+---------+-------+---------+---------+-------+---------
           D:1 |       0 |      26 |   0.0 |       0 |      14 |   0.0 |   863
           D:2 |       0 |      77 |   0.0 |       0 |      16 |   0.0 |   725
           D:3 |       0 |      79 |   0.0 |       0 |      19 |   0.0 |   676
           D:4 |       0 |     146 |   0.0 |       0 |       9 |   0.0 |   139
               +---------+---------+-------+---------+---------+-------+---------
